 Dungeon Crawl Stone Soup version 0.29-a0-492-g10b964d8d7 (webtiles) character file.

Game seed: 8185269530001259781

74 Colgate the Sneak (level 4, -5/24 (29) HPs)
             Began as a Kobold Brigand on May 27, 2022.
             Slain by a gnoll
             ... wielding a +0 club
              (6 damage)
             ... on level 2 of the Dungeon.
             The game lasted 00:03:42 (1288 turns).

Colgate the Sneak (Kobold Brigand)                  Turns: 1288, Time: 00:03:44

HP:   -5/24 (29)    AC:  4    Str:  8    XL:     4   Next: 54%
MP:   4/4           EV: 14    Int: 14    God:
Gold: 120           SH:  0    Dex: 16    Spells: 3/3 levels left

rFire   . . .      SeeInvis .   a - +2 dagger
rCold   . . .      Faith    .   (no shield)
rNeg    . . .      Spirit   .   b - +0 robe
rPois   .          Reflect  .   i - +0 helmet
rElec   .          Harm     .   c - +0 cloak
rCorr   .          Rampage  .   (no gloves)
Will    .....                   (no boots)
Stlth   ++++......              (no amulet)
HPRegen 0.08/turn               f - ring of wizardry
MPRegen 0.09/turn               (no ring)

@: heavily drained
A: small, no large weapons, nightstalker 3
a: no special abilities


You were on level 2 of the Dungeon.
You visited 1 branch of the dungeon, and saw 3 of its levels.

You collected 120 gold pieces.

Inventory:

Hand Weapons
 a - a +2 dagger (weapon)
 m - a +0 short sword
Missiles
 d - 9 poisoned darts (quivered)
 e - 3 curare-tipped darts
 n - 2 boomerangs
Armour
 b - a +0 robe (worn)
 c - a +0 cloak (worn)
 i - a +0 helmet (worn)
Jewellery
 f - a ring of wizardry (left hand)
Scrolls
 g - a scroll of fear {unknown}
 h - a scroll of identify {unknown}
 j - a scroll of summoning {unknown}
 o - a scroll of torment {unknown}
Potions
 k - a potion of mutation {unknown}
 l - 2 potions of haste {unknown}


   Skills:
 + Level 3.9 Fighting
 - Level 4.0 Short Blades
 - Level 2.1 Throwing
 - Level 2.0 Dodging
 - Level 5.3 Stealth


You had 3 spell levels left.
You didn't know any spells.
Your spell library contained the following spells:

 Spells                   Type           Power      Damage    Failure   Level
 Shock                    Conj/Air       0%         1d3       12%         1
 Summon Small Mammal      Summ           0%         N/A       12%         1
 Call Canine Familiar     Summ           0%         N/A       32%         3
 Summon Guardian Golem    Hex/Summ       0%         N/A       32%         3
 Swiftness                Air            0%         N/A       32%         3
 Airstrike                Air            0%         N/A       71%         4


Dungeon Overview and Level Annotations

Branches:
Dungeon (3/15)

Altars:
The Shining One


Innate Abilities, Weirdness & Mutations

You are small and have problems with some larger weapons.
You are completely attuned to the shadows.


Message History

You feel drained.
A ball python comes into view.
There is a stone staircase leading up here.
The gnoll hits you with a +0 club.
The goblin hits you with a +2 dagger of draining.
You feel drained.
You climb upwards.
There is a stone staircase leading down here.
Here: a goblin, wielding a +2 dagger of draining The floor.
Unknown command.
The gnoll hits you with a +0 club. The gnoll misses you.
You hit the goblin.
The goblin hits you with a +2 dagger of draining.
You feel drained.
You hit the goblin but do no damage.
The goblin hits you with a +2 dagger of draining.
You feel drained.
You hit the goblin but do no damage.
The goblin hits you with a +2 dagger of draining.
You feel drained.
You barely miss the goblin. You closely miss the goblin.
The goblin barely misses you.
You hit the goblin.
You kill the goblin!
You hit the gnoll. The gnoll hits you with a +0 club.
You barely miss the gnoll. The gnoll barely misses you.
You closely miss the gnoll. You hit the gnoll. The gnoll closely misses you.
You hit the gnoll. The gnoll closely misses you.
You closely miss the gnoll. The gnoll barely misses you.
You hit the gnoll but do no damage. The gnoll hits you with a +0 club.
* * * LOW HITPOINT WARNING * * *
You closely miss the gnoll. You closely miss the gnoll.
The gnoll barely misses you.
You hit the gnoll. The gnoll hits you with a +0 club.
* * * LOW HITPOINT WARNING * * *
You hit the gnoll but do no damage. The gnoll hits you with a +0 club.
You die...

#........###.........#...#
.........# #.........#...#
.........#
#....รท(...#...#
#........###.........##.##
#........#...........##.#
#..............>.....##.#
#########............##.#
....#####...####g######.#
###.........# #@# ####.#
##....##....# #(###....#
...#####..### #...#....#
#### ###..## ###......#
######.....# ###...[#
.......##### #...##
######## #...# #...# #...#


You could see a gnoll.

Vanquished Creatures
  2 gnolls (D:3)
  An adder (D:2)
  2 dart slugs (D:2)
  4 bats
  3 endoplasms
  A giant cockroach (D:1)
  6 goblins
  3 hobgoblins
  2 jackals (D:1)
  2 kobolds (D:2)
  4 quokkas
  3 ball pythons
  3 frilled lizards (D:1)
  3 rats
39 creatures vanquished.

Vanquished Creatures (others)
  2 plants (D:1)
2 creatures vanquished.

Grand Total: 41 creatures vanquished

Notes
Turn   | Place    | Note
-------+----------+-------------------------------------------
     0 | D:1      | Colgate the Kobold Brigand began the quest for the Orb.
     0 | D:1      | Reached XP level 1. HP: 12/12 MP: 1/1
    82 | D:1      | Reached XP level 2. HP: 17/17 MP: 2/2
   396 | D:1      | Reached XP level 3. HP: 22/22 MP: 3/3
   421 | D:1      | Found a faded altar of an unknown god.
   430 | D:1      | Prayed at the altar of an unknown god.
   430 | D:1      | Became a worshipper of the Shining One
   430 | D:1      | Reached * piety under the Shining One
   431 | D:1      | Fell from the grace of the Shining One
  1066 | D:2      | Reached XP level 4. HP: 28/28 MP: 4/4
  1287 | D:2      | HP: 1/24 [gnoll/+0 club (3)]
  1288 | D:2      | Slain by a gnoll

Illustrated notes

Levels and vault maps discovered:
D:1:      dpeg_arrival_tiny_a, layout_rooms,
          shapermc_ecumenical_altar_mp_urbaneastern
D:2:      layout_rooms
D:3:      layout_rooms, kennysheep_ying_yang, nicolae_overflow_hidden_temple,
          nicolae_gozag_zags_fifth_avenue, lemuel_coloured_pillars_altar,
          ebering_ghost_rock_garden, portal_sewer_entry_f,
          chequers_serial_rivers_large_b

Skill      XL: |  1  2  3 |
---------------+----------+-----
Short Blades   | 3 4 |  4.0
Fighting       | 3 |  3.9
Dodging        | 2 |  2.0
Throwing       | |  2.1
Stealth        | |  5.3

Action                   |  1- 3 |  4- 6 || total
-------------------------+-------+-------++-------
Melee: Dagger            |    76 |    21 ||    97
Invok: Renounce Religion |     1 |       ||     1
 Stab: Sleeping          |    17 |     4 ||    21
Armor: Robe              |    14 |       ||    14
Dodge: Dodged            |    34 |     7 ||    41

Table legend: (Time is in decaauts)
 A = Elapsed time spent in this place.
 B = Non-inter-level travel time spent in this place.
 C = Inter-level travel time spent in this place.
 D = Time resting spent in this place.
 E = Time spent auto-exploring this place.
 F = Levels seen in this place.
 G = Mean time per level.
                   A        B        C        D        E       F      G
               +--------+--------+--------+--------+--------+-----+--------+
         Total |   1268 |   1195 |     73 |      0 |    936 |   3 |  422.7 |
       Dungeon |   1268 |   1195 |     73 |      0 |    936 |   3 |  422.7 |
               +--------+--------+--------+--------+--------+-----+--------+

Top non-repeatable levels by time:
     D:1: 723 daAuts
     D:2: 540 daAuts
     D:3: 5 daAuts
